 Dungeon Sprint DCSS version 0.14-a0-1686-g0e827d1 (webtiles) character file.

122 LoliLover the Slasher (level 4, -3/34 HPs)
             Began as a Djinni Fighter on Dec 30, 2013.
             Was a Priest of Makhleb.
             Slain by an ogre
             ... wielding a +0,+0 giant spiked club
              (25 damage)
             ... in the Dungeon (Sprint VII: "The Pits").
             The game lasted 00:02:41 (215 turns).

LoliLover the Slasher (Djinni Fighter)               Turns: 215, Time: 00:02:42

HP  -3/34        AC 10     Str 16      XL: 4   Next: 78%
MP   0/0         EV  6     Int  9      God: Makhleb [***...]
Gold 0           SH 19     Dex 13      Spells:  0 memorised,  3 levels left

rFire  + + +     SeeInvis .     b - +1,+2 long sword (holy)
rCold  . . .     Clarity  .     a - +3 scale mail {rC+}
rNeg   + + +     Conserve .     c - +0 shield
rPois  .         rCorr    .     (no helmet)
rElec  .         rRot     .     (no cloak)
SustAb . .       Spirit   .     (no gloves)
rMut   .         Warding  .     (boots unavailable)
Saprov . . .     NoTele   +     (no amulet)
                                (no ring)
                                (no ring)

@: invisible, flying, very slightly contaminated, slightly resistant to hostile
enchantments, extremely unstealthy
A: fire immunity, cold vulnerability, life protection 3
a: Minor Destruction, Lesser Servant of Makhleb, Renounce Religion


You were in the Dungeon.
You worshipped Makhleb.
Makhleb was most pleased with you.
You were not hungry.

You visited 1 branch

Inventory:

Hand weapons
 b - a +1,+2 long sword of holy wrath (weapon)
 n - a +2,-4 falchion
 o - a +2,+1 dagger of draining
Missiles
 l - 10 stones (quivered)
Armour
 a - a +3 scale mail of cold resistance (worn)
 c - a +0 shield (worn)
Scrolls
 e - 2 scrolls of vulnerability
 f - 3 scrolls of remove curse
 i - 4 scrolls of amnesia
 j - a scroll of blinking
 k - a scroll of summoning
Potions
 d - a potion of invisibility
 g - a potion of speed
 h - 4 potions of magic
 p - 5 potions of heal wounds
 q - 5 potions of curing
Magical staves
 m - an uncursed staff of energy


   Skills:
 - Level 2.6 Fighting
 * Level 6.6 Long Blades
 + Level 5.8 Armour
 + Level 2.6 Dodging
 + Level 5.4 Shields


You had 3 spell levels left.
You didn't know any spells.

Dungeon Overview and Level Annotations

Branches:
Dungeon (1/1)

Altars:
Ashenzari
Cheibriados
Elyvilon
Fedhas
Kikubaaqudgha
Makhleb
Nemelex Xobeh
Okawaru
Sif Muna
Trog
Vehumet
Xom
Yredelemnul
Zin
the Shining One
Beogh
Jiyva
Lugonu


Innate Abilities, Weirdness & Mutations

You are immune to all types of fire, even holy and hellish.
You are vulnerable to cold.
You need no food.
You have no legs.
You are immune to negative energy.


Message History

You are very lightly contaminated with residual magic.
A goblin and an orc come into view.
You closely miss the ogre.
The orc shouts!
The goblin shouts!
The orc moves out of view.
The goblin moves out of view.
The ogre hits you with a giant spiked club!
Unknown command.
You slash the ogre!
The ogre is moderately wounded.
You slash the ogre!
The ogre is heavily wounded.
You block the ogre's attack.
You slash the ogre!
The ogre is almost dead.
The ogre barely misses you.
You barely miss the ogre.
The ogre is almost dead.
The ogre hits you with a giant spiked club!
Ouch! That really hurt!
You die...

#'#####)#####.....
#.#.....#..##.....
#.#.....#.)#####'#
#.###'###))##.....
#.#.....#.)##.....
#.#.....#[[##.....
#.####'##'###...<.
#.#........##.....
#@#........##.....
#O###########.....


#bo ###### #o.o ##.#w .... .# #. .. . You could see an orc warrior, a worm, an
ogre, a fire bat and 2 orcs.

Vanquished Creatures
  2 jellies (D)
  A worker ant (D)
  A green rat (D)
  An orc (D)
  A ball python (D)
  A giant cockroach (D)
  A hobgoblin (D)
  A giant gecko (D)
  A kobold (D)
10 creatures vanquished.

Notes
Turn   | Place    | Note
--------------------------------------------------------------
     0 | D        | LoliLover, the Djinni Fighter, began the quest for the Orb.
     0 | D        | Reached XP level 1. HP: 16/16 MP: 0/0
     8 | D        | Noticed a worker ant
    21 | D        | Killed a worker ant
    21 | D        | Reached skill level 4 in Long Blades
    21 | D        | Reached XP level 2. EP: 19/22
    30 | D        | Found a basalt altar of Yredelemnul.
    30 | D        | Found a deep blue altar of Sif Muna.
    30 | D        | Found a burning altar of Makhleb.
    30 | D        | Found a shimmering altar of Xom.
    30 | D        | Found an ancient bone altar of Kikubaaqudgha.
    30 | D        | Found a sparkling altar of Nemelex Xobeh.
    31 | D        | Found a glowing golden altar of the Shining One.
    31 | D        | Found a bloodstained altar of Trog.
    31 | D        | Found a shattered altar of Ashenzari.
    31 | D        | Found a white marble altar of Elyvilon.
    31 | D        | Found a snail-covered altar of Cheibriados.
    31 | D        | Found a blossoming altar of Fedhas.
    31 | D        | Found a radiant altar of Vehumet.
    31 | D        | Found a glowing silver altar of Zin.
    31 | D        | Found a corrupted altar of Lugonu.
    31 | D        | Found a viscous altar of Jiyva.
    31 | D        | Found a roughly hewn altar of Beogh.
    31 | D        | Found an iron altar of Okawaru.
    34 | D        | Became a worshipper of Makhleb the Destroyer
    93 | D        | Acquired Makhleb's first power
    93 | D        | Reached XP level 3. EP: 25/28
    99 | D        | Reached skill level 5 in Long Blades
   110 | D        | Noticed a jelly
   115 | D        | Acquired Makhleb's second power
   129 | D        | Killed a jelly
   129 | D        | Reached skill level 5 in Armour
   129 | D        | Reached skill level 1 in Dodging
   129 | D        | Reached skill level 5 in Shields
   129 | D        | Reached XP level 4. EP: 21/34
   141 | D        | Killed a jelly
   141 | D        | Acquired Makhleb's third power
   141 | D        | Reached skill level 6 in Long Blades
   205 | D        | Noticed an ogre
   205 | D        | Noticed a fire bat
   210 | D        | Noticed an orc warrior
   215 | D        | Slain by an ogre

Action                   |  1- 3 |  4- 6 || total
-------------------------+-------+-------++-------
Melee: Falchion          |    51 |    12 ||    63
       Long sword        |       |     7 ||     7
  Use: Potion            |     2 |     1 ||     3
